 Dungeon Crawl Stone Soup version 0.29.1-12-g30fa7ad0bf (webtiles) character file.

Game seed: 10911994055937461515

2669 hawla the Arsonist (level 10, -5/73 HPs)
             Began as a Meteoran Fire Elementalist on Jan 11, 2023.
             Slain by an orc warrior
             ... wielding a +0 scimitar
              (17 damage)
             ... on level 8 of the Dungeon.
             The game lasted 00:19:31 (3547 turns).

hawla the Arsonist (Meteoran Fire Elementalist)     Turns: 3547, Time: 00:19:32

Health: -5/73      AC:  5    Str: 11    XL:     10   Next: 16%
Magic:  0/24       EV: 13    Int: 23    God:
Gold:   572        SH:  0    Dex: 15    Spells: 17/27 levels left

rFire   . . .      SeeInvis .   r - +2 whip of Xalijuk {vorpal, Int+3}
rCold   . . .      Faith    .   (no shield)
rNeg    . . .      Spirit   .   k - +0 steam dragon scales
rPois   .          Reflect  .   (no helmet)
rElec   .          Harm     .   (no cloak)
rCorr   .          Rampage  .   (no gloves)
Will    +....                   (no boots)
Stlth   +.........              (no amulet)
HPRegen 0.22/turn               (no ring)
MPRegen 0.19/turn               (no ring)

@: freezing walls, glowing
A: sense surroundings 2, otherworldly, glowing, explore regen
a: no special abilities


You were on level 8 of the Dungeon.
You visited 1 branch of the dungeon, and saw 8 of its levels.
You also visited: Sewer and Ossuary.

You collected 572 gold pieces.

Inventory:

Hand Weapons
 r - the +2 whip of Xalijuk (weapon) {vorpal, Int+3}
   (You found it on level 4 of the Dungeon)

   It inflicts extra damage upon your enemies.
   Int:       It affects your intelligence (+3).
Armour
 k - +0 steam dragon scales (worn)
Jewellery
 u - a ring of ice
Wands
 v - a wand of flame (23)
Scrolls
 b - a scroll of teleportation
 c - 3 scrolls of immolation
 d - 2 scrolls of blinking
 e - 2 scrolls of fear
 g - a scroll of poison {unknown}
 o - a scroll of summoning
 q - a scroll of enchant weapon
 s - 4 scrolls of identify
 t - a scroll of magic mapping
 w - a scroll of fog
Potions
 f - a potion of haste
 h - 6 potions of brilliance {unknown}
 i - 3 potions of curing
 j - 4 potions of cancellation
 l - a potion of might
 m - 2 potions of invisibility {unknown}
 n - a potion of magic
 p - 2 potions of resistance


   Skills:
 + Level 2.1 Fighting
 + Level 0.2 Maces & Flails
 + Level 3.6 Dodging
 - Level 1.4 Stealth
 + Level 9.2 Spellcasting
 + Level 7.0 Conjurations
 + Level 9.4 Fire Magic
 + Level 3.6 Ice Magic


You had 17 spell levels left.
You knew the following spells:

 Your Spells              Type           Power      Damage    Failure   Level
a - Foxfire               Conj/Fire      100%       2x1d9     1%          1
b - Scorch                Fire           100%       2d10      1%          2
c - Flame Wave            Conj/Fire      48%        2d12      1%          4
d - Frozen Ramparts       Ice            54%        1d9       4%          3

Your spell library contained the following spells:

 Spells                   Type           Power      Damage    Failure   Level
 Conjure Flame            Conj/Fire      48%        6-21      1%          3
 Inner Flame              Hex/Fire       32%        N/A       2%          3
 Summon Small Mammal      Summ           40%        N/A       6%          1
 Call Canine Familiar     Summ           10%        N/A       19%         3
 Summon Guardian Golem    Hex/Summ       10%        N/A       19%         3
 Ice Form                 Ice/Tmut       18%        N/A       28%         4
 Summon Ice Beast         Ice/Summ       18%        N/A       28%         4
 Passage of Golubria      Tloc           10%        N/A       52%         4
 Summon Lightning Spire   Summ/Air       10%        N/A       52%         4
 Silence                  Hex/Air        5%         N/A       86%         5
 Storm Form               Tmut/Air       5%         N/A       100%        7
 Lehudib's Crystal Spear  Conj/Erth      13%        10d4      100%        8
 Maxwell's Capacitive Co  Air            5%         ∞         100%        8


Dungeon Overview and Level Annotations

Branches:
Dungeon (8/15) Zot: 1831    Sewer (visited)         Ossuary (visited)
 Temple: D:4-7         Lair: D:8-11

Altars:
Gozag
Kikubaaqudgha
Makhleb
Nemelex Xobeh
Sif Muna
Trog
Vehumet

Annotations:
D:3 exclusion: statue


Innate Abilities, Weirdness & Mutations

You passively map the area around you.
You are easily found by Zot.
You glow in the dark.
You regain HP and MP as you explore.


Message History

You destroy the wight!
The foxfire hits something.
The wall freezes the orc warrior.
The wall freezes the orc priest!
Your magical contamination has completely faded away.
Your life force feels restored.
Unknown command.
Casting: Foxfire (safe; 1% risk of failure)
Confirm with . or Enter, or press ? or * to list all spells.
You conjure some foxfire!
The wall freezes something!
Reactivating autopickup.
You feel a bit more experienced.
The wall freezes the orc warrior.
The orc warrior hits you with a +0 scimitar!
* * * LOW HITPOINT WARNING * * *
The wall freezes the orc priest!
The orc priest looks encouraged for a moment.
You feel better.
The foxfire hits the orc warrior but does no damage.
The orc warrior is moderately wounded.
The foxfire hits the orc warrior.
The orc warrior is heavily wounded.
The wall freezes the orc warrior.
The wall freezes the orc priest!
You kill the orc priest!
You hit the orc warrior but do no damage.
The orc warrior is severely wounded.
The wall freezes the orc warrior.
The orc warrior hits you but does no damage.
Casting: Foxfire (safe; 1% risk of failure)
Confirm with . or Enter, or press ? or * to list all spells.
You conjure some foxfire!
The wall freezes the orc warrior.
The orc warrior hits you with a +0 scimitar!
* * * LOW HITPOINT WARNING * * *
You hit the orc warrior but do no damage.
The orc warrior is severely wounded.
The foxfire hits the orc warrior.
The orc warrior is almost dead.
The foxfire hits the orc warrior but does no damage.
The orc warrior is almost dead.
The wall freezes the orc warrior.
The orc warrior hits you with a +0 scimitar!
You die...

* * , ** * *
, , , , * ,
** , , , , *
*, * * ,** *
* *,, , ,
##### ,* , *
* #@..#* * *
** #.o)..#
,* * *
.).......# *
* * , *
#.#.....#.#,
, *
#.##...## #
* # ##### ,
* * * * * *
* , ,, , ,*


You could see an orc warrior.

Vanquished Creatures
  Maggie (D:7)
  2 steam dragons
  Menkaure (D:6)
  An orc warrior (D:6)
  An ice beast (D:6)
  A phantom (D:4)
  4 kobold brigands
  A bullfrog (D:7)
  3 scorpions
  4 wights
  3 killer bees (D:7)
  2 jellies (D:5)
  5 hounds
  4 orc priests
  A gnoll bouda (D:6)
  2 iguanas
  5 orc wizards
  9 mummies
  10 adders
  3 gnolls (D:6)
  5 river rats
  A shadow imp (D:6)
  A white imp (D:6)
  2 ufetubi (D:6)
  3 worms
  12 orcs
  6 ball pythons
  5 endoplasms
  5 giant cockroaches
  2 goblins
  2 hobgoblins
  3 quokkas
  2 bats (D:3)
  6 frilled lizards
  2 gnoll zombies (Ossuary)
  A goblin zombie (D:4)
  2 hobgoblin zombies (Ossuary)
  15 kobolds
  2 kobold zombies (Ossuary)
  3 orc zombies
  5 rats
148 creatures vanquished.

Vanquished Creatures (collateral kills)
  4 foxfires
4 creatures vanquished.

Vanquished Creatures (others)
  229 foxfires
  13 plants (Sewer)
242 creatures vanquished.

Grand Total: 394 creatures vanquished

Notes
Turn   | Place    | Note
-------+----------+-------------------------------------------
     0 | D:1      | hawla the Meteoran Fire Elementalist began the quest for
                  | the Orb.
     0 | D:1      | Reached XP level 1. HP: 14/14 MP: 5/5
    89 | D:2      | Reached XP level 2. HP: 20/20 MP: 1/6
    92 | D:2      | Learned a level 2 spell: Scorch
   224 | D:2      | Reached XP level 3. HP: 26/26 MP: 4/8
   347 | D:3      | Found a radiant altar of Vehumet.
   347 | D:3      | Noticed a charred statue
   584 | D:3      | Reached XP level 4. HP: 33/33 MP: 6/10
   589 | D:3      | Learned a level 4 spell: Flame Wave
   659 | D:4      | Noticed a phantom
   666 | D:4      | Killed a phantom
   667 | D:4      | Reached XP level 5. HP: 37/38 MP: 2/11
   710 | D:4      | Reached XP level 6. HP: 41/45 MP: 2/12
   727 | D:4      | Found a sand-covered staircase.
   734 | Ossuary  | Entered an ossuary
   758 | Ossuary  | Reached skill level 5 in Conjurations
   781 | Ossuary  | Reached skill level 5 in Fire Magic
   939 | D:4      | Reached XP level 7. HP: 50/50 MP: 5/14
  1011 | D:4      | Found a glowing drain.
  1017 | Sewer    | Entered a sewer
  1200 | Sewer    | Reached skill level 5 in Spellcasting
  1425 | Sewer    | Glimpsed the power of Zot.
  1462 | Sewer    | Glimpsed the power of Zot.
  1745 | D:4      | Identified the +2 whip of Xalijuk {vorpal, Int+3}
  1754 | D:4      | Found a shimmering blue altar of Sif Muna.
  1785 | D:4      | Found a burning altar of Makhleb.
  2123 | D:5      | Entered Level 5 of the Dungeon
  2140 | D:5      | Reached XP level 8. HP: 47/58 MP: 11/17
  2143 | D:5      | Reached skill level 1 in Fighting
  2258 | D:5      | Identified the +6 ring mail of the Farmer {rElec rPois
                  | Regen+ Str-2}
  2321 | D:5      | Found a sparkling altar of Nemelex Xobeh.
  2794 | D:6      | Noticed a steam dragon
  2803 | D:6      | Killed a steam dragon
  2840 | D:6      | Noticed Menkaure
  2845 | D:6      | Killed Menkaure
  2846 | D:6      | Gained mutation: You passively map the area around you.
                  | [Meteoran growth]
  2846 | D:6      | Reached XP level 9. HP: 52/64 MP: 17/20
  2850 | D:6      | Learned a level 3 spell: Frozen Ramparts
  2857 | D:6      | Reached skill level 1 in Ice Magic
  2955 | D:6      | Found an opulent altar of Gozag.
  2962 | D:6      | Found an ancient bone altar of Kikubaaqudgha.
  3184 | D:6      | Found a bloodstained altar of Trog.
  3519 | D:7      | Noticed Maggie
  3525 | D:7      | Killed Maggie
  3526 | D:7      | Reached XP level 10. HP: 73/73 MP: 11/23
  3547 | D:8      | Slain by an orc warrior

Illustrated notes

Levels and vault maps discovered:
D:1:      psy_arrival_basics, layout_basic, minmay_tiny_reverse_x
D:2:      kennysheep_six_static_rooms, layout_loops_ring,
          ebering_ecumenical_altar_sacrificial
D:3:      cheibrodos_old_hovel, layout_loops_cross, vehumet_statue
D:4:      layout_rooms, mainiacjoe_overflow_two_lobes, gup_sewer_entry_spiral,
          nicolae_ossuary_entry_giza, minivault_26
D:5:      layout_basic, nemelex_xobeh_ov_fountains_minmay
D:6:      layout_cave_pools, mainiacjoe_overflow_alcove_2,
          mainiacjoe_overflow_catwalk_spiral, uniq_menkaure
D:7:      layout_loops_ring, minmay_temple_entry_junction,
          biasface_ghost_orc_armoury, eino_jars, uniq_maggie
D:8:      layout_loops_ring, old_standard_altar, nicolae_ashenzari_panopticon,
          serial_shops, kennysheep_little_box, uniq_prince_ribbit1

Skill      XL: |  1  2  3  4  5  6  7  8  9 10 |
---------------+-------------------------------+-----
Spellcasting   | 3 4 5 7 8 9 |  9.2
Fire Magic     | 4 5 6 7 9 |  9.4
Conjurations   | 4 5 6 7 |  7.0
Fighting       | 1 2 |  2.1
Dodging        | 3 |  3.6
Ice Magic      | 3 |  3.6
Maces & Flails | |  0.2
Stealth        | |  1.4

Action                   |  1- 3 |  4- 6 |  7- 9 | 10-12 || total
-------------------------+-------+-------+-------+-------++-------
Melee: Unarmed           |     2 |     4 |     5 |       ||    11
       Whip              |       |       |    19 |     3 ||    22
 Cast: Foxfire           |    44 |    28 |    68 |     3 ||   143
       Scorch            |     2 |    11 |    46 |     1 ||    60
       Flame Wave        |       |     4 |     9 |     1 ||    14
       Frozen Ramparts   |       |       |     4 |     1 ||     5
  Use: Scroll            |     1 |     3 |    12 |       ||    16
       Potion            |       |     2 |     4 |     2 ||     8
Armor: Robe              |     1 |     3 |    11 |       ||    15
       Steam dragon scal |       |       |     1 |     5 ||     6
Dodge: Dodged            |     1 |    15 |    43 |     5 ||    64
